 Dungeon Crawl Stone Soup version 0.30-a0-691-g754fce4c43 (webtiles) character file.

Game seed: 14301597659737585382

719718 Vylera the Slayer (level 27, -14/228 HPs)
             Began as a Djinni Ice Elementalist on Jan 17, 2023.
             Was the Champion of Ashenzari.
             Demolished by Cerebov
             ... wielding the +6 sword of Cerebov {flame}
              (33 damage)
             ... in Pandemonium on Jan 20, 2023.
             The game lasted 06:33:48 (60383 turns).

Vylera the Slayer (Djinni Ice Elementalist)        Turns: 60383, Time: 06:33:49

Health: -14/228    AC: 34    Str: 18    XL:     27
Gold:   7941       EV: 24    Int: 28    God:    Ashenzari [******] SH: 13 Dex: 19

rFire   + + .      SeeInvis +    y - +7 scimitar of the Wild Blue Yonder {freeze, rElec Int+4 SInv, Melee, Fort} (curse)
rCold   + + +      Faith    .    h - +3 warlock's mirror {omnireflect, Evo, Self} (curse)
rNeg    + + .      Spirit   .    E - +9 ice dragon scales "Chained Oblivion" {rF- rC++ Will- Str+4, Melee, Fort} (curse)
rPois   ∞          Reflect  +    m - +0 helmet of Ashenzari's Fetters {Fort, Range} (curse)
rElec   +          Harm     .    q - scarf "I Foresaw This" {rC+ rF+, Cun, Evo} (curse)
rCorr   +          Rampage  .    N - +3 pair of gauntlets of War {Slay+5, Self, Fort} (curse)
Will    +....      Clarity  +    (boots unavailable)
Stlth   +++++                    w - amulet "Tethered Omen" {Regen+, Self, Range} (curse)
HPRegen 1.38/turn                a - ring "Eternal Soothsayer" {rC+ rN++, Melee, Cun} (curse)
MPRegen 0.00/turn                U - ring "Elysian Visionary" {rCorr Str+3 SInv, Cun, Evo} (curse)

@: resistant, fire vulnerable, flying, hasted, studying 2 skills, very quick
A: sickness immunity, fire resistance 2, cold vulnerability 1, float, innate
caster, HP casting, extra vitality 1, strong 1
}: 7/15 runes: barnacled, slimy, silver, abyssal, magical, dark, gossamer
a: Renounce Religion, Shatter the Chains


You were in Pandemonium.
You worshipped Ashenzari.
Ashenzari was exalted by your worship.
You visited 11 branches of the dungeon, and saw 52 of its levels.
You visited Pandemonium 1 time, and saw 12 of its levels.
You visited the Abyss 1 time.
You also visited: Ossuary and Volcano.

You collected 8863 gold pieces.
You spent 922 gold pieces at shops.

Inventory:

Hand Weapons
 y - the cursed +7 scimitar of the Wild Blue Yonder (weapon) {freeze, rElec Int+4 SInv, Melee, Fort}
   (You found it on level 11 of the Dungeon)

   Int:       It affects your intelligence (+4).
   rElec:     It insulates you from electricity.
   SInv:      It lets you see invisible.
   It has a curse which improves the following skills: Melee Combat: Short
   Blades, Long Blades, Axes, Maces & Flails, Polearms, Staves and Unarmed
   Combat.
   Fortitude: Armour and Shields.
Missiles
 c - 24 curare-tipped darts
 J - 4 throwing nets
 L - 9 atropa-tipped darts
Armour
 h - the cursed +3 warlock's mirror (worn) {omnireflect, Evo, Self}
   (You acquired it on level 2 of the Dungeon)

   Omnireflect: It can block and reflect piercing ranged attacks and magical
   attacks against the wielder's willpower.
   It has a curse which improves the following skills: Evocations: Evocations.
   Introspection: Fighting and Spellcasting.
 m - the cursed +0 helmet of Ashenzari's Fetters (worn) {Fort, Range}
   (You found it on level 3 of the Dungeon)

   It has a curse which improves the following skills: Fortitude: Armour and
   Shields.
   Ranged Combat: Ranged Weapons and Throwing.
 q - the cursed scarf "I Foresaw This" (worn) {rC+ rF+, Cun, Evo}
   (You found it on level 4 of the Spider Nest)

   It has a curse which improves the following skills: Cunning: Dodging and
   Stealth.
   Evocations: Evocations.
 E - the cursed +9 ice dragon scales "Chained Oblivion" (worn) {rF- rC++ Will- Str+4, Melee, Fort}
   (You found it on level 5 of the Vaults)

   Str:       It affects your strength (+4).
   rF:        It makes you vulnerable to fire.
   rC:        It greatly protects you from cold.
   Will:      It decreases your willpower.
   It has a curse which improves the following skills: Melee Combat: Short
   Blades, Long Blades, Axes, Maces & Flails, Polearms, Staves and Unarmed
   Combat.
   Fortitude: Armour and Shields.
 N - the cursed +3 pair of gauntlets of War (worn) {Slay+5, Self, Fort}
   (You found it on level 5 of the Pits of Slime)

   Slay:      It affects your accuracy & damage with ranged weapons and melee
   (+5).
   It has a curse which improves the following skills: Introspection: Fighting
   and Spellcasting.
   Fortitude: Armour and Shields.
Jewellery
 a - the cursed ring "Eternal Soothsayer" (left hand) {rC+ rN++, Melee, Cun}
   (You found it on level 5 of the Pits of Slime)

   [ring of protection from cold]

   rC:        It protects you from cold.
   rN:        It greatly protects you from negative energy.
   It has a curse which improves the following skills: Melee Combat: Short
   Blades, Long Blades, Axes, Maces & Flails, Polearms, Staves and Unarmed
   Combat.
   Cunning:   Dodging and Stealth.
 u - a +5 ring of evasion
 w - the cursed amulet "Tethered Omen" (around neck) {Regen+, Self, Range}
   (You found it on level 4 of the Shoals)

   [amulet of regeneration]

   Regen:     It increases your rate of health regeneration.
   It has a curse which improves the following skills: Introspection: Fighting
   and Spellcasting.
   Ranged Combat: Ranged Weapons and Throwing.
 z - the amulet "Buet" {Acrobat -Tele *Corrode rElec Dex+7}
   (You found it in Pandemonium)

   [amulet of the acrobat]

   It increases your evasion while moving and waiting.
   Dex:       It affects your dexterity (+7).
   rElec:     It insulates you from electricity.
   -Tele:     It prevents most forms of teleportation.
   *Corrode:  It may corrode you when you take damage.
 C - a ring of resist corrosion
 U - the cursed ring "Elysian Visionary" (right hand) {rCorr Str+3 SInv, Cun, Evo}
   (You bought it in a shop on level 2 of the Orcish Mines)

   [ring of see invisible]

   Str:       It affects your strength (+3).
   SInv:      It lets you see invisible.
   rCorr:     It protects you from acid and corrosion.
   It has a curse which improves the following skills: Cunning: Dodging and
   Stealth.
   Evocations: Evocations.
Wands
 v - a wand of digging (19)
 A - a wand of iceblast (29)
 K - a wand of mindburst (12)
 P - a wand of acid (32)
 R - a wand of flame (42)
 X - a wand of polymorph (14)
 Z - a wand of charming (31)
Scrolls
 b - 25 scrolls of teleportation
 d - 4 scrolls of silence
 f - a scroll of enchant weapon
 i - 4 scrolls of fog
 t - 4 scrolls of blinking
 F - 7 scrolls of poison
 I - 8 scrolls of fear
Potions
 g - 2 potions of lignification
 j - 6 potions of mutation
 k - 3 potions of resistance
 n - 24 potions of curing
 o - 4 potions of heal wounds
 p - 10 potions of cancellation
 r - 6 potions of might
 s - 15 potions of haste
 G - a potion of invisibility
 M - 9 potions of brilliance
 O - 11 potions of ambrosia
Miscellaneous
 e - a condenser vane
 l - a tin of tremorstones (2/2)
 x - a phantom mirror (inert)
 B - a phantom mirror (inert)
 D - a lightning rod (4/4)
 H - a tin of tremorstones (2/2)
 W - a box of beasts


   Skills:
 * Level 22.5(27) Fighting
 + Level 17.8(22.7) Long Blades
 - Level 1.9(4.7) Throwing
 + Level 16.9(22.9) Armour
 + Level 19.1(23.9) Dodging
 - Level 9.9(15.0) Stealth
 + Level 14.3(20.4) Shields
 - Level 22.3(26.9) Spellcasting
 - Level 10.7(15.8) Evocations


You couldn't memorise any spells.
You knew the following spells:

 Your Spells              Type           Power      Damage    Failure   Level
a - Freeze                Ice            100%       1d10      0%          1
b - Frozen Ramparts       Ice            100%       1d16      0%          3
c - Ozocubu's Armour      Ice            100%       N/A       0%          3
d - Summon Ice Beast      Ice/Summ       100%       N/A       0%          4
e - Shock                 Conj/Air       100%       1d9       0%          1
f - Poisonous Vapours     Pois/Air       100%       N/A       0%          2
g - Confusing Touch       Hex            100%       N/A       0%          3
h - Sticky Flame          Conj/Fire      100%       2d11      0%          4
i - Cause Fear            Hex            56%        N/A       0%          4
j - Lee's Rapid Deconstr  Erth           56%        3d26*     0%          5
k - Starburst             Conj/Fire      56%        6d15      0%          6
l - Iron Shot             Conj/Erth      56%        9d11      0%          6
m - Eringya's Noxious Bo  Tmut/Pois      56%        N/A       0%          6
n - Haunt                 Necr/Summ      56%        N/A       1%          7
o - Enfeeble              Hex            56%        N/A       1%          7
p - Disjunction           Tloc           56%        N/A       1%          8
q - Chain Lightning       Conj/Air       56%        3d74      2%          9
Your spell library was empty.

Dungeon Overview and Level Annotations

Branches:
Dungeon (15/15)            Temple (1/1) D:5            Lair (5/5) D:10
 Shoals (4/4) Lair:2       Spider (4/4) Lair:3        Slime (5/5) Lair:5
    Orc (2/2) D:10            Elf (3/3) Orc:2        Vaults (5/5) D:13
  Crypt (0/3) Vaults:3     Depths (4/4) D:15            Zot (4/5) Depths:4
Ossuary (visited)         Volcano (visited)

Altars:
Ashenzari
Cheibriados
Dithmenos
Elyvilon
Fedhas
Gozag
Hepliaklqana
Makhleb
Nemelex Xobeh
Okawaru
Qazlal
Ru
Trog
Uskayaw
Wu Jian
Xom
Yredelemnul
Zin
The Shining One
Jiyva

Shops:
Orc:2 (!**   Elf:2 *   Elf:3 :   Shoals:4 *   Vaults:1 (   Vaults:2 *:*?
Vaults:5 (

Portals:
Hell: Depths:1 Depths:2 Depths:3 Depths:4
Abyss: Depths:1 Depths:3 Depths:4
Pandemonium: Depths:2
Ziggurat: Depths:4

Annotations:
D:9 1 runed translucent door, zazu2006's ghost, journeyman NaHW
Elf:2 3 runed translucent doors
Vaults:2 3 runed translucent doors, Fiqoroah's ghost, veteran HuWn; Kydext's ghost, veteran HuDe
Pan Cerebov


Innate Abilities, Weirdness & Mutations

You are immune to sickness and miasma.
You are immune to poison.
Your flesh is very heat resistant. (rF++)
You are vulnerable to cold. (rC-)
You float through the air rather than walking.
You learn spells naturally, not from books.
Your magical power is your life essence.
You have superior vitality. (+4 MHP)
Your muscles are strong. (Str +4, Int/Dex -1)


Message History

The balrug disappears in a puff of smoke!
Cerebov hits you with the +6 sword of Cerebov {flame}!!!
Cerebov burns you. The heat melts your icy armour.
Casting: Chain Lightning (dangerous; 2% risk of failure)
Confirm with . or Enter, or press ? or * to list all spells.
You feel a surge of power! Lightning arcs from your hands!
The bolt of lightning hits Cerebov!!!!!
Cerebov is severely wounded.
The bolt of lightning hits you! You resist.
You hear a shout!
Cerebov gestures at you.
A raging storm of fire appears!
The great blast of fire engulfs you!!
Your icy armour melts away.
You partially resist.
* * * LOW HITPOINT WARNING * * *
The great blast of fire engulfs Cerebov!
Cerebov partially resists. 2 fire vortices come into view.
Your magical effects are unravelling.
You feel magically purged.
Your magical contamination has completely faded away.
You are engulfed in blazing flames.
You resist.
* * * LOW HITPOINT WARNING * * *
You feel yourself slow down.
You feel a little less clever now.
Your resistance to elements expires.
You feel less vulnerable to fire.
Cerebov shouts, "Embrace thy failure, thou cockered fen-sucked mish-mash!"
Cerebov hits you but does no damage.
You feel much better.
You are engulfed in blazing flames.
You resist. You block Cerebov's attack. Cerebov completely misses you.
You feel protected. Cerebov barely misses you.
You feel yourself speed up.
Cerebov hits you with the +6 sword of Cerebov {flame}!!!
* * * LOW HITPOINT WARNING * * *
Cerebov burns you.
* * * LOW HITPOINT WARNING * * *
The sword of Cerebov burns away your fire resistance.
Cerebov hits you with the +6 sword of Cerebov {flame}!!
You die...

≈≈≈≈..§§≈≈≈≈≈≈...§≈≈≈≈≈≈.......#
###≈...≈#####≈..§§#####§§......#
[:#≈...§#=[|#≈...≈#,∆ #§§......##
.)#≈...≈#|||#≈§.≈≈#∆∆∆#§≈.......#
..#≈≈≈≈≈#:}.#≈≈§≈##,∆.##{≈......#
'###§≈≈###'###≈≈####'####≈≈.....#
.≈#######≈.≈######§...§###≈≈§≈..#
.≈≈≈≈≈≈≈≈§.§§≈≈≈#°≈...≈≈*####≈..#
.....§........°.@.°..... ,∆ #≈..#
..............°.'&.§§...'∆∆ #≈..#
.....§..........v§......* ∆ #≈..#
.≈≈§§≈≈≈≈§.≈§≈≈v#≈§§..≈≈ ####≈..#
.≈#######≈.§######≈...≈###≈≈≈≈..#
)###§≈≈###'###§§####'####≈≈.....#
..#§§≈≈§#...#≈≈§≈##∆[.##≈≈......#
.)#§..§§#.).#≈..§§#∆∆)#≈≈.......#
..#§§§§§#...#≈§..≈#∆∆∆#≈........#


You could see Cerebov (fast, combustible) and 2 fire vortices.

Vanquished Creatures
  the Royal Jelly (Slime:5)
  Gloorx Vloq (Pan)
  Lom Lobon (Pan)
  An orb of fire (Zot:2)
  Josephina (Depths:3)
  Vv (Zot:4)
  A Killer Klown (Zot:4)
  Bai Suzhen (Elf:3)
  Saint Roka (Depths:1)
  2 curse toes
  Margery (Vaults:4)
  Nikola (Elf:3)
  13 golden dragons
  A golden dragon (shapeshifter) (Vaults:5)
  A bone dragon (Depths:4)
  Jory (Vaults:2)
  A Brimstone Fiend (Pan)
  A Tzitzimitl (Pan)
  A hellephant (Abyss:3)
  4 electric golems
  5 Ice Fiends (Pan)
  A Hell Sentinel (Pan)
  15 tentacled monstrosities
  5 liches
  16 titans
  A walking crystal tome (Depths:2)
  A walking earthen tome (Depths:3)
  A walking divine tome (Depths:2)
  7 quicksilver dragons
  17 acid blobs
  Polyphemus (Shoals:2)
  2 deep elf blademasters (Elf:3)
  A walking frostbound tome (Depths:3)
  9 Executioners (Pan)
  Frances (Shoals:2)
  2 deep elf master archers (Elf:3)
  2 krakens
  8 death cobs
  9 shadow dragons
  Roxanne (Elf:2)
  12 tengu reavers
  16 storm dragons
  5 sphinxes
  Ilsuiw (Shoals:2)
  8 draconian monks
  Donald (Elf:2)
  10 azure jellies
  4 demonspawn warmongers (Pan)
  7 draconian knights
  10 frost giants
  23 vault wardens
  13 fire giants
  3 deep elf sorcerers
  8 draconian scorchers
  6 rockslimes (Slime:5)
  12 balrugs
  8 emperor scorpions
  6 ghost moths
  2 orc warlords
  3 pandemonium lords (Pan)
  A caustic shrike skeleton (Pan)
  8 draconian shifters
  2 cacodemons (Pan)
  3 iron dragons
  10 quicksilver oozes
  2 broodmothers
  11 draconian annihilators
  3 draconian stormcallers
  4 deep elf elementalists
  17 stone giants
  28 ironbound preservers
  3 demonspawn corrupters (Pan)
  2 spriggan defenders (Depths:3)
  5 reapers
  3 demonspawn blood saints (Pan)
  6 war gargoyles
  2 demonspawn black suns (Pan)
  14 green draconians
  35 very ugly things
  6 ironbound thunderhulks
  2 lorocyprocas (Pan)
  A vampire knight (Depths:2)
  9 deep elf annihilators
  5 yellow draconians
  12 red draconians
  10 white draconians
  5 deep elf demonologists
  18 black draconians
  10 dire elephants
  14 purple draconians
  5 spark wasps
  7 blizzard demons (Pan)
  Snorg (D:10)
  3 crystal guardians
  9 merfolk impalers
  7 fire dragons
  4 merfolk javelineers (Shoals:4)
  4 green deaths
  8 deep elf death magi
  9 ettins
  7 entropy weavers
  7 great orbs of eyes
  30 vault guards
  5 deep elf high priests
  Harold (Orc:1)
  21 yaktaur captains
  A hell beast (Pan)
  Fannar (Orc:1)
  3 spriggan air magi
  8 hydras
  9 ice dragons
  An ogre mage (Vaults:5)
  4 peacekeepers
  4 rakshasas
  6 catoblepae
  3 merfolk avatars
  4 ironbound frosthearts
  A catoblepas (shapeshifter) (Vaults:5)
  3 radroaches
  A jorogumo (Spider:4)
  4 merfolk aquamancers
  14 centaur warriors
  A satyr (Shoals:3)
  4 boulder beetles
  16 dancing weapons
  3 two-headed ogres
  3 alligator snapping turtles
  11 death yaks
  3 alligators (Shoals:1)
  5 deep troll shamans
  6 deep troll earth magi
  5 tengu warriors
  A vampire mage (Depths:2)
  3 shock serpents (Pan)
  A death knight (D:13)
  2 orc high priests
  34 sun demons
  5 spriggan berserkers
  Sonja (Orc:1)
  12 hell knights
  11 soul eaters
  17 deep elf knights
  9 pharaoh ants
  9 sixfirhies
  A titan skeleton (Pan)
  5 shadow wraiths
  6 iron trolls
  4 skeletal warriors (D:15)
  A spatial maelstrom (Abyss:3)
  4 sun moths (Spider:4)
  Lodul (D:10)
  A goliath frog (Shoals:1)
  9 sea snakes
  84 deep trolls
  8 orb spiders
  2 glowing orange brains
  4 shadow demons (Pan)
  4 phantasmal warriors (Vaults:5)
  A bunyip skeleton (Pan)
  A flayed ghost (Depths:4)
  17 deep elf archers
  A tengu zombie (Vaults:2)
  15 ironbound convokers
  An obsidian statue (Depths:3)
  6 necromancers
  2 orc knights (Vaults:2)
  6 lindwurms
  10 wizards
  21 manticores
  4 steelbarb worms
  19 deep elf zephyrmancers
  13 fauns
  4 harpies
  4 orc sorcerers
  36 deep elf pyromancers
  22 wolf spiders
  3 shining eyes
  A cyclops (shapeshifter) (D:15)
  34 ugly things
  26 moths of wrath
  15 merfolk sirens
  12 cyclopes
  A worldbinder (Abyss:3)
  14 elephants
  A guardian serpent (D:12)
  A rust devil (Depths:3)
  4 torpor snails
  A titan simulacrum (Depths:3)
  9 smoke demons
  8 vault sentinels
  4 water nymphs
  2 eyes of devastation
  13 orange demons
  7 black mambas
  2 gargoyles
  Joseph (D:8)
  A centaur skeleton (Pan)
  11 demonic crawlers
  8 cane toads
  A rime drake (Lair:3)
  A yaktaur zombie (Vaults:2)
  7 komodo dragons
  5 kobold demonologists
  6 efreet
  7 hellions
  58 yaktaurs
  2 tengu conjurers
  A freezing wraith (Vaults:5)
  A red devil (Pan)
  3 tormentors (Pan)
  3 trolls
  28 merfolk
  10 meliai
  A shadow dragon simulacrum (Depths:3)
  8 hellwings (Pan)
  A troll (shapeshifter) (Elf:1)
  8 hornets
  26 tarantellas
  5 wind drakes
  A dream sheep (shapeshifter) (Depths:3)
  14 dream sheep
  A tengu simulacrum (Vaults:2)
  8 blink frogs
  A frost giant simulacrum (Vaults:2)
  17 snapping turtles
  A harpy skeleton (Pan)
  55 slime creatures
  Sigmund (D:2)
  An ice dragon skeleton (Pan)
  A shadow (D:10)
  4 spriggans
  8 ynoxinuls
  14 water elementals
  5 wyverns
  4 wraiths
  An air elemental (Elf:3)
  26 jumping spiders
  51 yaks
  4 fire elementals
  A golden eye (shapeshifter) (D:8)
  A vampire (D:13)
  6 basilisks
  23 culicivoras
  3 neqoxecs
  3 golden eyes
  A basilisk (shapeshifter) (D:14)
  4 chaos spawn
  2 steam dragons
  A death yak simulacrum (Orc:2)
  A yaktaur simulacrum (Vaults:2)
  61 redbacks
  Menkaure (D:4)
  7 vampire mosquitoes
  Edmund (D:4)
  A naga (shapeshifter) (Vaults:5)
  2 acid dragons
  4 wargs
  4 large abominations (Pan)
  12 water moccasins
  A glowing shapeshifter skeleton (Vaults:2)
  Duvessa (D:7)
  39 orc warriors
  7 black bears
  2 ice beasts
  10 ogres
  31 centaurs
  A phantom (D:5)
  16 wolves
  4 kobold brigands
  A two-headed ogre simulacrum (Orc:2)
  3 scorpions
  10 bullfrogs
  A necrophage (D:4)
  3 earth elementals
  A gnoll sergeant (D:11)
  2 glowing shapeshifter simulacra (Depths:3)
  15 wights
  Dowan (D:7)
  5 killer bees (Lair:3)
  4 electric eels
  3 howler monkeys (D:14)
  11 orc priests
  4 jellies
  3 gnoll boudas (D:5)
  2 hounds
  8 iguanas
  14 orc wizards
  A mummy (Ossuary)
  15 gnolls
  9 adders
  2 naga simulacra (Orc:2)
  A shadow imp (D:5)
  A white imp (D:6)
  2 worms
  4 dart slugs
  64 orcs
  2 spectral bats (Ossuary)
  3 bats
  7 endoplasms
  2 giant cockroaches
  12 gnoll zombies (Ossuary)
  7 goblins
  8 hobgoblins
  8 jackals
  A quokka (shapeshifter) (Vaults:5)
  4 quokkas
  4 ball pythons
  4 bat simulacra (Ossuary)
  A frilled lizard (D:1)
  4 goblin simulacra (Ossuary)
  3 goblin zombies (Ossuary)
  5 hobgoblin zombies (Ossuary)
  19 kobolds
  2 kobold simulacra (Ossuary)
  5 kobold zombies (Ossuary)
  5 orc zombies (Ossuary)
  8 rats
  4 rat simulacra (Ossuary)
  2 spectral goblins (Ossuary)
  2 spectral kobolds (Ossuary)
  2 spectral rats (Ossuary)
  6 tentacles
2374 creatures vanquished.

Vanquished Creatures (collateral kills)
  An ancient lich (Vaults:5)
  2 bone dragons (Depths:4)
  A hellephant (Abyss:3)
  2 tentacled monstrosities (Vaults:5)
  A titan (Depths:2)
  A death cob (Zot:1)
  A tengu reaver (Vaults:5)
  3 ironbound preservers
  An ironbound thunderhulk (Vaults:2)
  2 very ugly things
  A dire elephant (Vaults:1)
  2 ettins
  A centaur warrior (Vaults:2)
  An ironbound frostheart (Vaults:1)
  A deep troll shaman (Depths:4)
  6 deep trolls
  3 slime creatures (Vaults:2)
  A wizard (Vaults:1)
  2 lindwurms (Vaults:1)
  A necromancer (Depths:3)
  A faun (Shoals:1)
  2 ugly things (Depths:4)
  2 vault sentinels
  2 yaktaurs
  A merfolk (Shoals:1)
  A hornet (Spider:4)
  2 wolves (Lair:3)
45 creatures vanquished.

Vanquished Creatures (others)
  2 fire giants
  A red draconian (Zot:4)
  A black draconian (Zot:3)
  Erolcha (Orc:2)
  A deep elf knight (Elf:3)
  A deep troll (Vaults:2)
  A wizard (Vaults:4)
  A deep elf pyromancer (Elf:3)
  A deep elf zephyrmancer (Elf:3)
  A manticore (D:11)
  A vault sentinel (Vaults:2)
  4 hellwings (Pan)
  An orc warrior (Orc:1)
  7 ball lightnings (Pan)
  A block of ice (Pan)
  12 fungi
  21 plants
  20 tentacles
78 creatures vanquished.

Grand Total: 2497 creatures vanquished

Notes
Turn   | Place    | Note
-------+----------+-------------------------------------------
     0 | D:1      | Vylera the Djinni Ice Elementalist began the quest for the
                  | Orb.
     0 | D:1      | Vylera set off with the following spells memorised: Freeze,
                  | Frozen Ramparts, Ozocubu's Armour, Summon Ice Beast.
     0 | D:1      | Reached XP level 1. HP: 15/15 MP: 0/0
   316 | D:1      | Reached XP level 2. HP: 15/21 MP: 0/0
   583 | D:1      | Reached XP level 3. HP: 17/25 MP: 0/0
   583 | D:1      | Learned a level 1 spell: Shock
  1169 | D:2      | Identified a scroll of acquirement
  1169 | D:2      | Acquired the +3 warlock's mirror {omnireflect}
  1169 | D:2      | Found the +3 warlock's mirror {omnireflect}
  1222 | D:2      | Noticed Sigmund
  1322 | D:3      | Reached XP level 4. HP: 22/31 MP: 0/0
  1828 | D:3      | Noticed an ogre
  1837 | D:3      | Killed an ogre
  1838 | D:3      | Reached skill level 1 in Shields
  1838 | D:3      | Reached XP level 5. HP: 23/35 MP: 0/0
  1838 | D:3      | Learned a level 2 spell: Poisonous Vapours
  2258 | D:3      | Found a hazy altar of Hepliaklqana.
  2258 | D:3      | Found a sacrificial altar of Ru.
  2292 | D:3      | Reached skill level 5 in Spellcasting
  2292 | D:3      | Reached XP level 6. HP: 24/40 MP: 0/0
  2497 | D:2      | Killed Sigmund
  2498 | D:2      | Reached XP level 7. HP: 22/45 MP: 0/0
  2498 | D:2      | Learned a level 3 spell: Confusing Touch
  2647 | D:4      | Noticed Edmund
  2702 | D:4      | Killed Edmund
  2833 | D:4      | Noticed Menkaure
  2848 | D:4      | Killed Menkaure
  2992 | D:4      | Reached XP level 8. HP: 21/50 MP: 0/0
  3494 | D:5      | Entered Level 5 of the Dungeon
  3711 | D:5      | Found a staircase to the Ecumenical Temple.
  3733 | D:5      | Reached skill level 5 in Shields
  3785 | Temple   | Entered the Ecumenical Temple
  3953 | Temple   | Became a worshipper of Ashenzari the Shackled
  4716 | D:5      | Reached skill level 1 in Fighting
  4857 | D:5      | Reached XP level 9. HP: 44/57 MP: 0/0
  4857 | D:5      | Learned a level 4 spell: Sticky Flame
  5140 | D:6      | Noticed a cyclops
  5149 | D:6      | Killed a cyclops
  5176 | D:6      | Found a sand-covered staircase.
  5181 | Ossuary  | Entered an ossuary
  6439 | D:7      | Reached * piety under Ashenzari
  6465 | D:7      | Reached skill level 1 in Armour
  6465 | D:7      | Reached skill level 5 in Dodging
  6465 | D:7      | Reached XP level 10. HP: 57/67 MP: 0/0
  6500 | D:7      | Found a stormy altar of Qazlal.
  6708 | D:7      | Noticed Duvessa
  6708 | D:7      | Noticed Dowan
  6718 | D:7      | Killed Duvessa
  6720 | D:7      | Killed Dowan
  6850 | D:7      | Identified the +4 ring mail of Otarrayto {rElec Str-3 Dex+4
                  | Slay+2}
  6942 | D:7      | Found a shadowy altar of Dithmenos.
  6942 | D:7      | Found a blossoming altar of Fedhas.
  7211 | D:7      | Found a white marble altar of Elyvilon.
  7211 | D:7      | Found a glowing silver altar of Zin.
  7212 | D:7      | Found a glowing golden altar of the Shining One.
  7595 | D:8      | Noticed Joseph
  7607 | D:8      | Killed Joseph
  7935 | D:8      | Reached ** piety under Ashenzari
  7956 | D:8      | Reached skill level 5 in Fighting
  8186 | D:8      | Found an ornate altar of the Wu Jian Council.
  8415 | D:8      | Reached *** piety under Ashenzari
  8709 | D:9      | Found a basalt altar of Yredelemnul.
  8776 | D:9      | Found a runed translucent door.
  8780 | D:9      | Noticed zazu2006's ghost (journeyman NaHW)
  8782 | D:9      | Noticed a boulder beetle
  8819 | D:9      | Noticed a kobold demonologist
  8830 | D:9      | Killed a kobold demonologist
  8831 | D:9      | Reached XP level 11. HP: 46/76 MP: 0/0
  8831 | D:9      | Learned a level 4 spell: Cause Fear
  8872 | D:9      | Noticed a sun demon
  9107 | D:9      | Reached skill level 10 in Spellcasting
  9203 | D:9      | Noticed a moth of wrath
  9207 | D:9      | Found a bloodstained altar of Trog.
  9473 | D:9      | Found a snail-covered altar of Cheibriados.
  9621 | D:9      | Killed a moth of wrath
  9715 | D:10     | Entered Level 10 of the Dungeon
  9759 | D:10     | Reached skill level 5 in Armour
  9781 | D:10     | Found a staircase to the Orcish Mines.
  9858 | D:10     | Noticed Snorg
  9864 | D:10     | Noticed Lodul
  9866 | D:10     | Killed Snorg
  9869 | D:10     | Reached skill level 1 in Evocations
  9873 | D:10     | Killed Lodul
 10088 | D:10     | Noticed an elephant
 10089 | D:10     | Found a staircase to the Lair.
 10101 | D:10     | Killed an elephant
 10165 | D:10     | Found the +3 giant club "Skullcrusher" {speed, Str+7}
 10647 | D:10     | Reached XP level 12. HP: 82/88 MP: 0/0
 11109 | D:10     | Reached **** piety under Ashenzari
 11138 | D:11     | Identified the +7 scimitar of the Forest {freeze, rElec
                  | Int+4 SInv}
 11476 | D:11     | Reached skill level 1 in Long Blades
 11550 | D:11     | Noticed a two-headed ogre
 11558 | D:11     | Killed a two-headed ogre
 11595 | D:11     | Noticed a two-headed ogre
 11604 | D:11     | Killed a two-headed ogre
 11835 | Lair:1   | Entered Level 1 of the Lair of Beasts
 12152 | Lair:1   | Reached ***** piety under Ashenzari
 12572 | Lair:2   | Found a staircase to the Shoals.
 12681 | Lair:2   | Noticed an eight-headed hydra
 12694 | Lair:2   | Killed an eight-headed hydra
 12808 | Lair:2   | Reached XP level 13. HP: 101/101 MP: 0/0
 12808 | Lair:2   | Learned a level 5 spell: Lee's Rapid Deconstruction
 13318 | Lair:3   | Noticed an eight-headed hydra
 13327 | Lair:3   | Killed an eight-headed hydra
 13370 | Lair:3   | Reached skill level 1 in Throwing
 13395 | Lair:3   | Found a dark tunnel.
 13438 | Volcano  | Entered a volcano
 13455 | Volcano  | Noticed a centaur warrior
 13460 | Volcano  | Killed a centaur warrior
 13503 | Volcano  | Noticed a red draconian
 13513 | Volcano  | Killed a red draconian
 13707 | Lair:3   | Reached ****** piety under Ashenzari
 13738 | Lair:3   | Found a hole to the Spider Nest.
 13753 | Lair:3   | Reached skill level 5 in Long Blades
 13900 | Lair:3   | Noticed a catoblepas
 13920 | Lair:3   | Killed a catoblepas
 14607 | Lair:4   | Reached XP level 14. HP: 87/110 MP: 0/0
 14987 | Lair:5   | Entered Level 5 of the Lair of Beasts
 15235 | Lair:5   | Reached skill level 10 in Dodging
 15511 | Lair:5   | Found a staircase to the Slime Pits.
 15511 | Lair:5   | Found a viscous altar of Jiyva.
 15961 | Lair:5   | Identified the +11 triple sword of Tomorrow {protect, rElec
                  | Str+3 Int-4 Dex+4}
 16295 | Orc:1    | Entered Level 1 of the Orcish Mines
 16297 | Orc:1    | Noticed Harold
 16308 | Orc:1    | Killed Harold
 16309 | Orc:1    | Reached XP level 15. HP: 114/118 MP: 0/0
 16309 | Orc:1    | Learned a level 6 spell: Starburst
 16512 | Orc:1    | Noticed Sonja
 16516 | Orc:1    | Killed Sonja
 16688 | Orc:2    | Entered Level 2 of the Orcish Mines
 16717 | Orc:2    | Noticed Erolcha
 16752 | Orc:2    | Killed Erolcha
 17000 | Orc:2    | Found Zasioreu's General Store.
 17000 | Orc:2    | Found Urphaets's Distillery.
 17000 | Orc:2    | Found Luum's Antique Weapon Emporium.
 17004 | Orc:2    | Found Ygum's General Store.
 17009 | Orc:2    | Bought a scroll of enchant armour for 75 gold pieces
 17010 | Orc:2    | Bought a potion of heal wounds for 75 gold pieces
 17019 | Orc:2    | Bought the ring "Duke" {rCorr Str+3 SInv} for 339 gold
                  | pieces
 17102 | Orc:2    | Found a staircase to the Elven Halls.
 17216 | Orc:2    | Found a frozen archway.
 17783 | Orc:1    | Noticed Fannar
 17798 | Orc:1    | Killed Fannar
 17941 | D:10     | Reached skill level 10 in Fighting
 17941 | D:10     | Reached XP level 16. HP: 126/126 MP: 0/0
 18142 | D:12     | Identified the +5 chain mail of Autumn {Int+3}
 18142 | D:12     | Identified the ring "Vatuwk" {rC+ Int+6}
 18143 | D:12     | Identified the +6 scimitar of Patience {vamp, Str+2 Dex+3}
 18907 | D:13     | Found a shadowy altar of Dithmenos.
 19231 | D:13     | Found a gate to the Vaults.
 19567 | D:14     | Reached skill level 10 in Long Blades
 20217 | D:15     | Entered Level 15 of the Dungeon
 20239 | D:15     | Reached XP level 17. HP: 121/131 MP: 0/0
 20239 | D:15     | Learned a level 6 spell: Iron Shot
 20291 | D:15     | Reached skill level 10 in Armour
 20313 | D:15     | Found a hide-covered altar of Uskayaw.
 20594 | D:15     | Found a staircase to the Depths.
 21185 | Shoals:1 | Entered Level 1 of the Shoals
 21907 | Shoals:1 | Identified the +0 scale mail of Acain {rElec rC+ Int+9
                  | Dex-2}
 22261 | Shoals:1 | Upgraded the game from 0.30-a0-639-g3916f1956a to
                  | 0.30-a0-652-gcc886f7154
 22448 | Shoals:2 | Noticed Ilsuiw
 22457 | Shoals:2 | Identified the +6 rapier "Neuzez" {drain, Str+3 Dex+4}
 22475 | Shoals:2 | Killed Ilsuiw
 22802 | Shoals:2 | Noticed Frances
 22808 | Shoals:2 | Killed Frances
 22910 | Shoals:2 | Noticed Polyphemus
 22929 | Shoals:2 | Killed Polyphemus
 22930 | Shoals:2 | Reached XP level 18. HP: 84/141 MP: 0/0
 23263 | Shoals:2 | Noticed a kraken
 23371 | Shoals:2 | Killed a kraken
 24523 | Shoals:4 | Entered Level 4 of the Shoals
 24740 | Shoals:4 | Found Ungu's Assorted Antiques.
 25532 | Shoals:4 | Noticed a kraken
 25582 | Shoals:4 | Killed a kraken
 25599 | Shoals:4 | Got a barnacled rune of Zot
 25829 | Elf:1    | Entered Level 1 of the Elven Halls
 25997 | Elf:1    | Reached XP level 19. HP: 151/151 MP: 0/0
 25997 | Elf:1    | Learned a level 6 spell: Eringya's Noxious Bog
 26961 | Elf:2    | Found Bewigux's General Store.
 26971 | Elf:2    | Noticed Donald
 26977 | Elf:2    | Bought a scroll of teleportation for 51 gold pieces
 26987 | Elf:2    | Reached skill level 15 in Spellcasting
 27007 | Elf:2    | Killed Donald
 27374 | Elf:2    | Identified Roxanne's Tome of the Valley
 27374 | Elf:2    | Noticed Roxanne
 27391 | Elf:2    | Killed Roxanne
 27452 | Elf:2    | Found a runed translucent gate.
 27452 | Elf:2    | Found a runed translucent gate.
 27452 | Elf:2    | Found a runed translucent gate.
 27585 | Elf:3    | Entered Level 3 of the Elven Halls
 28048 | Elf:3    | Found Furor's Book Shop.
 28083 | Elf:3    | Noticed Nikola
 28100 | Elf:3    | Killed Nikola
 28435 | Elf:3    | Reached XP level 20. HP: 153/161 MP: 0/0
 28472 | Elf:3    | Noticed Bai Suzhen
 28480 | Elf:3    | Noticed an Ice Fiend
 28680 | Elf:3    | Killed Bai Suzhen
 28742 | Elf:3    | Identified the +7 rapier of Nisely {heavy, Int+3 Dex+2}
 28777 | Elf:3    | Identified the +2 spear of Contradiction {heavy, rElec rN+
                  | Will+ Dex+5}
 29017 | Elf:3    | Identified the Disquisition on Cold Reconstruction
 29540 | Spider:1 | Entered Level 1 of the Spider Nest
 30658 | Spider:2 | Identified the +4 long sword of the Original Sin {heavy,
                  | Fragile rCorr SInv}
 32335 | Spider:3 | Reached XP level 21. HP: 148/169 MP: 0/0
 32335 | Spider:3 | Learned a level 7 spell: Haunt
 33025 | Spider:3 | Gained mutation: You possess an exceptional clarity of
                  | mind. [mutagenic glow]
 33070 | Spider:4 | Entered Level 4 of the Spider Nest
 33611 | Spider:4 | Reached skill level 15 in Dodging
 33743 | Spider:4 | Reached skill level 10 in Shields
 33932 | Spider:4 | Got a gossamer rune of Zot
 34543 | Vaults:1 | Entered Level 1 of the Vaults
 34633 | Vaults:1 | Reached skill level 15 in Fighting
 34816 | Vaults:1 | Reached skill level 15 in Long Blades
 34974 | Vaults:1 | Found Xumin's Weapon Shoppe.
 35076 | Vaults:1 | Identified the +1 leather armour of Hairiness {Regen+
                  | Int+4}
 35508 | Vaults:1 | Reached XP level 22. HP: 165/175 MP: 0/0
 36288 | Vaults:2 | Found Tocvit's Book Emporium.
 36394 | Vaults:2 | Noticed Jory
 36635 | Vaults:2 | Found a runed translucent gate.
 36635 | Vaults:2 | Found a runed translucent gate.
 36635 | Vaults:2 | Identified the amulet of the Ornamental Lime {Faith Fragile
                  | Dex+3}
 36635 | Vaults:2 | Noticed Kydext's ghost (veteran HuDe)
 36635 | Vaults:2 | Noticed an ancient lich
 36636 | Vaults:2 | Found a runed translucent gate.
 36636 | Vaults:2 | Noticed Fiqoroah's ghost (veteran HuWn)
 36636 | Vaults:2 | Noticed an ancient lich
 36636 | Vaults:2 | Identified the +0 pair of boots of Syndicalism {+Inv rElec
                  | Will+ SInv}
 36877 | Vaults:2 | Killed Jory
 37247 | Vaults:2 | Found Deunulee's Magic Scroll Emporium.
 37253 | Vaults:2 | Bought a scroll of teleportation for 57 gold pieces
 37253 | Vaults:2 | Bought a scroll of teleportation for 57 gold pieces
 37261 | Vaults:2 | Identified the Tome of the Pyre and Thunder
 37279 | Vaults:2 | Found Mostoetwiogh's General Store.
 37282 | Vaults:2 | Bought a potion of resistance for 160 gold pieces
 37299 | Vaults:2 | Found Janwec's Assorted Antiques.
 37326 | Vaults:2 | Bought a scroll of teleportation for 108 gold pieces
 37677 | Vaults:3 | Found a staircase to the Crypt.
 37677 | Vaults:3 | Found a basalt altar of Yredelemnul.
 38027 | Vaults:3 | Reached XP level 23. HP: 166/180 MP: 0/0
 38027 | Vaults:3 | Learned a level 7 spell: Enfeeble
 39458 | Vaults:4 | Noticed Margery
 39510 | Vaults:4 | Killed Margery
 40175 | Vaults:4 | Reached XP level 24. HP: 141/191 MP: 0/0
 40733 | Depths:1 | Entered Level 1 of the Depths
 40841 | Depths:1 | Found a gateway to Hell.
 40842 | Depths:1 | Noticed Saint Roka
 40853 | Depths:1 | Killed Saint Roka
 41055 | Depths:1 | Found a one-way gate to the infinite horrors of the Abyss.
 41972 | Depths:2 | Found a one-way gate leading to the halls of Pandemonium.
 41979 | Depths:2 | Reached skill level 5 in Stealth
 42079 | Depths:2 | Reached skill level 5 in Evocations
 42779 | Depths:2 | Found a glowing golden altar of the Shining One.
 43166 | Depths:3 | Noticed a golden dragon
 43182 | Depths:3 | Killed a golden dragon
 43265 | Depths:3 | Identified the ring "Qudgh" {Ice rElec}
 43265 | Depths:3 | Noticed Josephina
 43277 | Depths:3 | Killed Josephina
 43278 | Depths:3 | Reached XP level 25. HP: 79/193 MP: 0/0
 43278 | Depths:3 | Learned a level 8 spell: Disjunction
 43835 | Depths:3 | Identified the +8 chain mail of the Barracuda {Drain Str+4
                  | Int+4 Stlth+}
 44522 | Depths:4 | Entered Level 4 of the Depths
 44699 | Depths:4 | Found a one-way gateway to a ziggurat.
 45493 | Depths:4 | Found a gate to the Realm of Zot.
 46467 | Vaults:5 | Entered Level 5 of the Vaults
 46501 | Vaults:5 | Reached XP level 26. HP: 192/210 MP: 0/0
 46680 | Vaults:5 | Identified the Grimoire of the Snowflakes and the Swarm
 46681 | Vaults:5 | Got a silver rune of Zot
 46874 | Vaults:5 | Identified the +8 war axe of Osiocune {venom, Fragile rElec
                  | Int+4 Stlth+}
 47028 | Vaults:5 | Identified the +0 chain mail of the Devil's Team {rC+}
 47033 | Vaults:5 | Identified the +0 shortbow of Gallantry {flame, Int+4}
 47218 | Vaults:5 | Found Iluythra's Antique Weapon Shoppe.
 47566 | Vaults:5 | Reached skill level 10 in Evocations
 47589 | Vaults:5 | Noticed an ancient lich
 47618 | Vaults:5 | Killed an ancient lich
 48249 | Vaults:5 | Identified the +6 hand crossbow of Collusion {antimagic,
                  | Fragile rPois Will+ Dex+9}
 48249 | Vaults:5 | Identified the +9 ice dragon scales of the Ditch-Digger
                  | {rF- rC++ Will- Str+4}
 48374 | Vaults:5 | Identified the +3 robe of Tartarus {rPois Will- Int+4}
 48973 | Slime:1  | Entered Level 1 of the Pits of Slime
 49132 | Slime:5  | Entered Level 5 of the Pits of Slime
 49149 | Slime:5  | Reached XP level 27. HP: 213/221 MP: 0/0
 49149 | Slime:5  | Learned a level 9 spell: Chain Lightning
 49405 | Slime:5  | Gained mutation: Your body sometimes deteriorates upon
                  | taking damage. [mutagenic glow]
 49449 | Slime:5  | Noticed the Royal Jelly
 49767 | Slime:5  | Killed the Royal Jelly
 49780 | Slime:5  | Gained mutation: You occasionally lose the ability to drink
                  | potions when taking damage. [mutagenic glow]
 49946 | Slime:5  | Identified the Spellbook of Feathers and the Stinger
 49947 | Slime:5  | Found the +3 pair of gauntlets of War {Slay+5}
 49947 | Slime:5  | Identified the +6 flail "Wutared" {heavy, rPois}
 49947 | Slime:5  | Identified the +0 pair of gloves "Timiucak" {rN+ rCorr
                  | Str+3}
 49977 | Slime:5  | Identified the ring of Ohyosuef {rC+ rN++}
 49978 | Slime:5  | Identified the Teachings on the Wind
 49998 | Slime:5  | Got a slimy rune of Zot
 50005 | Slime:5  | Identified the +1 broad axe "Fitu Uxt" {heavy, rElec rPois
                  | rC-}
 50009 | Slime:5  | Identified the ring "Dias" {rN+ Str+6 Stlth+}
 50713 | Zot:1    | Entered Level 1 of the Realm of Zot
 51077 | Zot:1    | Lost mutation: You occasionally lose the ability to drink
                  | potions when taking damage. [potion of mutation]
 51077 | Zot:1    | Lost mutation: Your body sometimes deteriorates upon taking
                  | damage. [potion of mutation]
 51077 | Zot:1    | Gained mutation: You occasionally shout uncontrollably at
                  | your foes. [potion of mutation]
 51077 | Zot:1    | Gained mutation: Your muscles are strong. (Str +4, Int/Dex
                  | -1) [potion of mutation]
 51078 | Zot:1    | Lost mutation: You possess an exceptional clarity of mind.
                  | [potion of mutation]
 51078 | Zot:1    | Lost mutation: Your muscles are strong. (Str +4, Int/Dex
                  | -1) [potion of mutation]
 51078 | Zot:1    | Lost mutation: You occasionally shout uncontrollably at
                  | your foes. [potion of mutation]
 51078 | Zot:1    | Gained mutation: Your muscles are strong. (Str +4, Int/Dex
                  | -1) [potion of mutation]
 52366 | Zot:2    | Noticed an orb of fire
 52410 | Zot:2    | Killed an orb of fire
 53348 | Zot:2    | Upgraded the game from 0.30-a0-652-gcc886f7154 to
                  | 0.30-a0-672-gc3a7216ad8
 54247 | Zot:3    | Reached skill level 15 in Armour
 54380 | Zot:3    | Identified the +3 rapier of Suxkimi {protect, rElec rPois
                  | Int-4}
 55104 | Zot:4    | Noticed a Killer Klown
 55110 | Zot:4    | Killed a Killer Klown
 55546 | Zot:4    | Noticed Vv
 55558 | Zot:4    | Killed Vv
 55897 | Zot:4    | Identified the +2 robe "Vaixus" {rPois SInv}
 55994 | Zot:4    | Identified the +4 great sword of Light {heavy, rPois Dex+3}
 55996 | Zot:4    | Identified the +3 short sword "Onulok" {elec, rN++ rCorr
                  | Str+3 Int-5}
 56875 | Depths:1 | Voluntarily entered the Abyss.
 56941 | Abyss:3  | Found a corrupted altar of Lugonu.
 56949 | Abyss:3  | Found a corrupted altar of Lugonu.
 57040 | Abyss:3  | Found a corrupted altar of Lugonu.
 57048 | Abyss:3  | Got an abyssal rune of Zot
 57060 | Depths:1 | Escaped the Abyss
 57579 | Pan      | Entered Pandemonium
 57715 | Pan      | Noticed Ussel the pandemonium lord
 57732 | Pan      | Killed Ussel the pandemonium lord
 58130 | Pan      | Noticed Ishik the pandemonium lord
 58202 | Pan      | Noticed Weubul the pandemonium lord
 58208 | Pan      | Killed Weubul the pandemonium lord
 58321 | Pan      | Entered the realm of Gloorx Vloq.
 58321 | Pan      | Noticed Gloorx Vloq
 58331 | Pan      | Killed Gloorx Vloq
 58338 | Pan      | Got a dark rune of Zot
 58603 | Pan      | Noticed Mylotsec the pandemonium lord
 58607 | Pan      | Killed Mylotsec the pandemonium lord
 58780 | Pan      | Found an exit through the horrors of the Abyss.
 58913 | Pan      | Entered the realm of Lom Lobon.
 58916 | Pan      | Got a magical rune of Zot
 58952 | Pan      | Upgraded the game from 0.30-a0-672-gc3a7216ad8 to
                  | 0.30-a0-691-g754fce4c43
 58954 | Pan      | Noticed Lom Lobon
 58985 | Pan      | Killed Lom Lobon
 59439 | Pan      | Found an exit through the horrors of the Abyss.
 59532 | Pan      | Entered the realm of Cerebov.
 59717 | Pan      | Found an exit through the horrors of the Abyss.
 60089 | Pan      | Identified the +4 short sword of the Ecumenical Temple
                  | {heavy, Dex+3}
 60146 | Pan      | Identified the amulet "Buet" {Acrobat -Tele *Corrode rElec
                  | Dex+7}
 60329 | Pan      | Identified the Secrets of Bodies
 60353 | Pan      | Found the +6 sword of Cerebov {flame}
 60353 | Pan      | Noticed Cerebov
 60359 | Pan      | Identified the +6 dagger "Morig" {drain, rN+}
 60383 | Pan      | Demolished by Cerebov

Illustrated notes

Levels and vault maps discovered:
D:1:      lightli_arrival_lavapool, layout_basic
D:2:      layout_rooms, uniq_sigmund
D:3:      layout_basic, chequers_temple_overflow_statue_of_worship
D:4:      layout_rooms, uniq_menkaure, uniq_edmund
D:5:      minmay_razor_zed, layout_loops_corners,
          minmay_temple_entry_drinking_statues, hangedman_decor_opposing
D:6:      layout_cave_pools, nicolae_ossuary_entry_false_entrances
D:7:      layout_layer_cave, good_gods_mini_temple,
          nicolae_qazlal_general_emergency, mainiacjoe_overflow_alcove_2,
          gammafunk_temple_overflow_wave, nicolae_vehumet_altar_sigil,
          uniq_duvessa
D:8:      wad_pebble_path, layout_basic, pdpol_wu_jian_five_deadly_venoms,
          uniq_joseph
D:9:      layout_cave_pools, tgw_trog, nicolae_overflow_crystal_walls,
          mainiacjoe_overflow_alcove_1, ebering_ghost_inner_flame
D:10:     layout_cave_pods, david_lair_generic, david_orc_2,
          serial_co_window_serial, co_window_corner_a,
          co_window_of_opportunity_a, co_window_paths_a, co_window_paths_a,
          co_window_cross_1, co_window_2corner, co_window_of_opportunity_c,
          co_window_unsneaky_path_b, co_window_broadway_c, co_window_corner_b,
          co_window_paths_c, co_window_paths_e, glass_columns_a, uniq_lodul,
          uniq_snorg
D:11:     layout_roguey
D:12:     layout_cave_pools, fake_guardian_serpent_vault
D:13:     layout_loops_ring, skrybe_vaults_entry_preservation,
          minmay_misc_feat_room, nicolae_dithmenos_the_darkroom
D:14:     layout_cave_pods, kiku_gazebo_pond_becter
D:15:     hangedman_depths_entry_civil_slaughter, layout_basic, serial_glass,
          glass_columns_a, glass_columns_b, item_on_display_a, feat_on_display,
          nicolae_uskayaw_suspiria
Temple:   hellmonk_temple_forest_ring
Lair:1:   layout_loops_ring
Lair:2:   layout_chaotic_city, shoals_dummy_entry, lemuel_centaur_altar,
          serial_bayou_shore_a
Lair:3:   layout_loops_ring, hellmonk_spider_entry_not_the_bees,
          nicolae_volcano_entry_two_sided, eino_small_chamber_without_monster,
          chequers_serial_rivers_micro_a
Lair:4:   layout_gridlike, serial_bayou_shore_b
Lair:5:   evilmike_catoblepas_cave, layout_hall_layers, slime_entry_1
Shoals:1: layout_shoals, nicolae_shoals_goliath_grotto
Shoals:2: layout_shoals, uniq_frances, uniq_polyphemus, uniq_ilsuiw
Shoals:3: layout_shoals
Shoals:4: shoals_end_hangedman, layout_shoals, serial_shops, shop
Spider:1: layout_spider_delve, nicolae_spider_circle_web, drop_trap,
          nicolae_spider_wall_of_niches
Spider:2: layout_chambers
Spider:3: layout_cave_pods
Spider:4: spider_rune_water, nicolae_spider_nooks_and_crannies
Slime:1:  layout_caves, special_room [special_room_jelly]
Slime:2:  layout_caves
Slime:3:  layout_caves, basic_altar
Slime:4:  layout_caves
Slime:5
Orc:1:    layout_diamond_mine, uniq_sonja, uniq_fannar, uniq_harold
Orc:2:    st_orc_rangers, layout_caves, portal_ice_cave_entry_ice_simulacra,
          uniq_erolcha
Elf:1:    minmay_elf_arrival_circle, layout_gridlike, minivault_28,
          palyth_stone_intersect, drop_trap, grunt_megastairs_1
Elf:2:    nicolae_elf_blades_splatter_lattice [nicolae_blade_entry_pointy_end],
          layout_loops_cross, serial_shops, shop, uniq_donald, uniq_roxanne
Elf:3:    grunt_elf_hall_asides, layout_loops_corners, serial_shops, shop,
          lemuel_flamethrower_2, uniq_bai_suzhen, uniq_nikola
Vaults:1: nicolae_vaults_little_squares_6, nicolae_vaults_three_branches,
          v_misc_12, vaults_room_hangedman_quadrants,
          nicolae_vaults_little_squares_2, layout_vaults_quadrants,
          serial_shops, shop
Vaults:2: gammafunk_ghost_crypt, hangedman_vaults_capsules,
          ontoclasm_vaults_shout, hangedman_vaults_stitches,
          hangedman_vaults_restitches, v_rooms_6,
          vaults_mumra_minichess_inversion, grunt_vaults_trifunnel,
          vaults_dpeg_diagonal, vaults_room_hallway, layout_vaults_maze_snakey,
          serial_shops, nicolae_shop_behind_doors, shop,
          nicolae_shop_window_shopping, shop, uniq_jory
Vaults:3: v_misc_18, v_pattern_3, minmay_crypt_entry_necro_gods,
          nicolae_vaults_little_squares_2, vaults_room_boxed, v_misc_24,
          dpeg_vaults_monster_box, nicolae_vaults_twisting_passages,
          nicolae_vaults_ninety_degrees, vaults_room_door_ring,
          nicolae_vaults_theta, layout_vaults_omnicross
Vaults:4: vaults_standard_mumra_x, vaults_dpeg_doors,
          grunt_vaults_hallway_short, v_pattern_1, hangedman_vaults_pinch,
          vaults_dpeg_encased_lava, nicolae_vaults_sealed_display,
          vaults_room_grid, nicolae_vaults_network_s,
          nicolae_vaults_hallways_thing, vaults_room_pools,
          vaults_mumra_chevron, layout_vaults_ring, uniq_margery
Vaults:5
Depths:1: layout_basic, abyss_entry_crystal, hangedman_coc_ice_floe,
          nicolae_concentric_dashed_squares_wild, lightli_corner_chamber,
          uniq_saint_roka
Depths:2: hangedman_cross_veins, layout_cave_shapes, lemuel_doored_altar,
          rand_demon_pan_entry_7, grunt_hell_entry_dis_grunt,
          serial_bayou_shore_b
Depths:3: minmay_the_grid_four_pointed_star_mashed
          [minmay_the_grid_triangle_9x9_intruding_spiral,
          minmay_the_grid_triangle_9x9_corrupted_corridor,
          minmay_the_grid_triangle_9x9_empty,
          minmay_the_grid_triangle_9x9_descending_squares,
          minmay_the_grid_prize_four_corners], layout_gridville,
          grunt_hell_entry_demonic_statue, kennysheep_cross_room, abyss_entry,
          grunt_decor_arrowhead, minmay_staircase_statues_hall_small,
          uniq_josephina
Depths:4: grunt_zot_entry_hairpin, layout_basic, enter_ziggurat_f,
          chequers_serial_rivers_large_a, hell_entry, abyss_entry,
          minmay_misc_feat_diagonals
Zot:1:    minmay_elemental_castle, layout_onion
Zot:2:    layout_gridlike, st_stairs_13, grunt_megastairs_2
Zot:3:    layout_gridville
Zot:4:    layout_gridlike, st_large_dragon_hoard_1, uniq_vv
Pan:      evilmike_mini_pan_V, layout_grid_shapes, evilmike_mini_pan_branches,
          layout_small_grid, nicolae_pan_glass_arcs, layout_gridlike,
          nicolae_pan_cerebovesque_3, nicolae_pan_sigil_itan,
          nicolae_pan_strange_glyphs [nicolae_pan_strange_glyph_angst,
          nicolae_pan_strange_glyph_regret], reaverb_pan_squares,
          nicolae_pan_performance_anxiety, layout_irregular_city,
          pan_blood_fountain, gloorx_vloq_grunt, layout_small_grid,
          pan_blood_fountain_small, pan_blood_fountain, pan_disco_hall,
          layout_pan_divisions_b [pan_division_quadrant_b4,
          pan_division_quadrant_b2, pan_division_quadrant_b5,
          pan_division_quadrant_b5], gammafunk_dig_for_victory,
          layout_irregular_city, evilmike_mini_pan_doors, layout_irregular_city,
          gammafunk_its_a_trap, layout_pan_divisions_a
          [pan_division_quadrant_a5, pan_division_quadrant_a6,
          pan_division_quadrant_a4, pan_division_quadrant_a4,
          pan_division_octagon_box], pan_blood_fountain, lom_lobon_spiral_st,
          layout_pan_divisions_b [pan_division_quadrant_b1,
          pan_division_quadrant_b3, pan_division_quadrant_b1,
          pan_division_quadrant_b1], pan_blood_fountain, grunt_pan_pentagram,
          layout_grid_shapes, cerebov_grunt_fire_and_steel,
          layout_pan_divisions_a [pan_division_quadrant_a4,
          pan_division_quadrant_a6, pan_division_quadrant_a1,
          pan_division_quadrant_a3, pan_division_octagon_halves]

Skill      XL: |  1  2  3  4  5  6  7  8  9 10 11 12 13 14 15 16 17 18 19 20 21 22 23 24 25 26 27 |
---------------+----------------------------------------------------------------------------------+-----
Spellcasting   | 4 5 6 7 8 9 10 11 12 13 14 15 16 17 18 22 | 22.3
Shields        | 1 2 4 5 6 7 8 9 10 11 12 14 | 14.3
Fighting       | 1 3 5 6 7 8 9 10 11 12 13 14 15 16 17 18 20 21 22 | 22.5
Dodging        | 5 6 7 8 9 10 11 12 13 14 15 16 17 19 | 19.1
Armour         | 1 4 5 6 7 8 9 10 11 12 16 | 16.9
Stealth        | 2 4 6 8 9 |  9.9
Evocations     | 2 3 6 8 10 | 10.7
Long Blades    | 3 5 8 9 10 11 12 13 14 15 16 17 | 17.8
Throwing       | 1 |  1.9

Action                   |  1- 3 |  4- 6 |  7- 9 | 10-12 | 13-15 | 16-18 | 19-21 | 22-24 | 25-27 || total
-------------------------+-------+-------+-------+-------+-------+-------+-------+-------+-------++-------
Melee: Short sword       |     4 |       |       |       |       |       |       |       |       ||     4
       Punch             |     1 |       |       |       |       |       |       |       |       ||     1
       Dagger            |     4 |    34 |   285 |   114 |       |       |       |       |       ||   437
       Scimitar          |       |       |       |    78 |   473 |   747 |  1097 |  1092 |  1832 ||  5319
 Cast: Freeze            |    33 |    19 |     7 |       |       |       |       |       |       ||    59
       Shock             |    21 |     6 |    31 |    28 |     4 |     4 |     3 |     7 |       ||   104
       Frozen Ramparts   |       |     4 |    35 |    35 |    26 |    27 |    49 |    58 |    36 ||   270
       Ozocubu's Armour  |       |     2 |    21 |    24 |    17 |    33 |    64 |    65 |    74 ||   300
       Poisonous Vapours |       |     7 |       |    32 |    25 |    31 |    24 |    37 |     7 ||   163
       Confusing Touch   |       |       |    16 |     4 |     1 |       |     1 |     1 |       ||    23
       Sticky Flame      |       |       |    10 |    65 |    48 |    30 |     7 |    16 |    16 ||   192
       Summon Ice Beast  |       |       |     1 |     3 |     1 |     1 |       |       |     1 ||     7
       Lee's Rapid Decon |       |       |       |       |     7 |       |     3 |    17 |    10 ||    37
       Cause Fear        |       |       |       |       |     3 |     1 |       |       |       ||     4
       Starburst         |       |       |       |       |     1 |     2 |       |    54 |    35 ||    92
       Iron Shot         |       |       |       |       |       |    81 |    61 |   106 |   230 ||   478
       Eringya's Noxious |       |       |       |       |       |       |     4 |     1 |     3 ||     8
       Haunt             |       |       |       |       |       |       |    11 |    21 |    22 ||    54
       Enfeeble          |       |       |       |       |       |       |       |     1 |     1 ||     2
       Disjunction       |       |       |       |       |       |       |       |       |     1 ||     1
       Chain Lightning   |       |       |       |       |       |       |       |       |   140 ||   140
Invok: Curse Item        |       |       |     2 |     7 |     1 |     1 |     1 |     1 |     5 ||    18
       Shatter the Chain |       |       |       |     1 |       |     1 |     1 |     1 |     5 ||     9
Evoke: Wand              |       |       |       |       |     2 |       |       |     1 |     1 ||     4
       Phantom mirror    |       |       |       |       |       |       |       |       |     1 ||     1
  Use: Scroll            |    10 |     1 |     4 |     1 |       |       |     1 |     6 |    12 ||    35
       Potion            |       |       |       |       |     1 |     2 |     2 |     1 |    21 ||    27
 Stab: Sleeping          |     1 |       |    12 |     6 |    21 |    15 |    18 |     6 |    12 ||    91
       Confused          |       |       |     2 |     1 |       |       |     1 |       |       ||     4
       Petrified         |       |       |       |     2 |     3 |       |       |       |       ||     5
       Distracted        |       |       |       |       |     2 |     4 |     2 |     5 |    14 ||    27
       Paralysed         |       |       |       |       |       |       |     2 |       |       ||     2
Armor: Robe              |     3 |    12 |    18 |       |       |       |       |       |       ||    33
       Leather armour    |       |       |    23 |     3 |       |       |       |       |       ||    26
       Ring mail         |       |       |       |    30 |       |       |       |       |       ||    30
       Troll leather arm |       |       |       |    10 |    55 |    80 |   192 |   187 |   116 ||   640
       Ice dragon scales |       |       |       |       |       |       |       |       |   539 ||   539
Dodge: Dodged            |    22 |    23 |   141 |   143 |   403 |   539 |  1051 |  1051 |  1346 ||  4719
Block: Buckler           |     3 |    15 |   110 |   164 |   502 |   611 |   706 |   742 |  1125 ||  3978
       Reflection        |       |       |     1 |    25 |    75 |    85 |    40 |    91 |   182 ||   499

Table legend: (Time is in decaauts)
 A = Elapsed time spent in this place.
 B = Non-inter-level travel time spent in this place.
 C = Inter-level travel time spent in this place.
 D = Time resting spent in this place.
 E = Time spent auto-exploring this place.
 F = Levels seen in this place.
 G = Mean time per level.
                   A        B        C        D        E       F      G
               +--------+--------+--------+--------+--------+-----+--------+
         Total |  59150 |  53471 |   5679 |   4622 |  31300 |  69 |  857.2 |
       Dungeon |  16221 |  13940 |   2281 |    565 |  10735 |  15 | 1081.4 |
        Temple |    179 |    168 |     11 |      0 |    132 |   1 |  179.0 |
          Lair |   5008 |   4128 |    880 |    149 |   2811 |   5 | 1001.6 |
        Shoals |   4386 |   4194 |    192 |    359 |   1908 |   4 | 1096.5 |
   Spider Nest |   4481 |   4243 |    238 |    214 |   2747 |   4 | 1120.2 |
    Slime Pits |   1193 |   1143 |     50 |    329 |    231 |   5 |  238.6 |
  Orcish Mines |   1655 |   1518 |    137 |      0 |    961 |   2 |  827.5 |
   Elven Halls |   3462 |   3392 |     70 |    342 |   1623 |   3 | 1154.0 |
        Vaults |   8240 |   7263 |    977 |    529 |   4075 |   5 | 1648.0 |
        Depths |   5330 |   4654 |    676 |    565 |   2492 |   4 | 1332.5 |
           Zot |   5514 |   5349 |    165 |    674 |   3351 |   4 | 1378.5 |
         Abyss |    178 |    178 |      0 |      0 |      0 |   3 |   59.3 |
   Pandemonium |   2638 |   2638 |      0 |    867 |      0 |  12 |  219.8 |
       Ossuary |    432 |    432 |      0 |     29 |    195 |   1 |  432.0 |
       Volcano |    226 |    226 |      0 |      0 |     38 |   1 |  226.0 |
               +--------+--------+--------+--------+--------+-----+--------+

Top non-repeatable levels by time:
    D:10: 2172 daAuts
Vaults:5: 2071 daAuts
   Zot:1: 1775 daAuts
   Elf:3: 1728 daAuts
Vaults:3: 1653 daAuts
Vaults:1: 1645 daAuts
Depths:3: 1568 daAuts
     D:5: 1464 daAuts
Vaults:4: 1447 daAuts
Vaults:2: 1423 daAuts
   Zot:2: 1398 daAuts
Depths:1: 1301 daAuts
Spider:2: 1299 daAuts
     D:7: 1278 daAuts
Depths:2: 1238 daAuts
